 Dungeon Crawl Stone Soup version 0.21-a0-29-g43b3074 (webtiles) character file.

133 kal9871 the Chopper (level 4, -1/35 HPs)
             Began as a Demonspawn Berserker on May 26, 2017.
             Was a Believer of Trog.
             Slain by an ogre
             ... wielding a +0 giant spiked club
              (21 damage)
             ... on level 3 of the Dungeon.
             The game lasted 00:03:20 (3752 turns).

kal9871 the Chopper (Demonspawn Berserker)          Turns: 3752, Time: 00:03:21

Health: -1/35      AC:  8    Str: 17    XL:     4   Next: 94%
Magic:  4/4        EV:  7    Int:  8    God:    Trog [**....]
Gold:   151        SH:  0    Dex: 14    Spells: 3/3 levels left

rFire    . . .     SeeInvis .   a - +0 hand axe
rCold    . . .     Gourm    .   (no shield)
rNeg     . . .     Faith    .   r - +0 chain mail
rPois    .         Spirit   .   (no helmet)
rElec    .         Reflect  .   (no cloak)
rCorr    .         Harm     .   (no gloves)
MR       .....                  (no boots)
Stlth    ..........             (no amulet)
Regen    0.2/turn               (no ring)
MPRegen  0.1/turn               (no ring)

@: no status effects
A: talons 1
a: Berserk, Trog's Hand, Burn Spellbooks, Renounce Religion


You were on level 3 of the Dungeon.
You worshipped Trog.
Trog was pleased with you.
You were hungry.

You visited 1 branch of the dungeon, and saw 3 of its levels.

You collected 151 gold pieces.

Inventory:

Hand Weapons
 a - a +0 hand axe (weapon)
Missiles
 k - 41 bolts
Armour
 b - a +0 animal skin
 r - a +0 chain mail (worn)
Wands
 u - a wand of acid (6/15)
Scrolls
 d - 7 scrolls of identify {unknown}
 e - 2 scrolls of random uselessness {unknown}
 g - a scroll of noise {unknown}
 q - 3 scrolls of recharging {unknown}
 s - a scroll of enchant armour {unknown}
Potions
 f - 2 potions of heal wounds {unknown}
 h - 3 potions of brilliance {unknown}
 j - a potion of flight {unknown}
 l - 2 potions of lignification {unknown}
 o - a potion of curing {unknown}
 p - a potion of mutation {unknown}
Books
 t - a book of Callings

   Spells                             Type                      Level
   a - Summon Small Mammal            Summoning                    1
   b - Call Imp                       Summoning                    2
   c - Call Canine Familiar           Summoning                    3
   d - Summon Guardian Golem          Hexes/Summoning              3
   e - Summon Lightning Spire         Summoning/Air                4
   f - Summon Ice Beast               Ice/Summoning                4
   Trog disapproves of the use of such an item.
Comestibles
 c - 2 bread rations
 i - 3 royal jellies
 m - 2 fruits
 n - a meat ration


   Skills:
 + Level 3.5 Fighting
 * Level 4.4 Axes
 * Level 2.0 Armour
 + Level 2.2 Dodging


You had 3 spell levels left.
You didn't know any spells.

Dungeon Overview and Level Annotations

Branches:
Dungeon (3/15)

Altars:
Uskayaw


Innate Abilities, Weirdness & Mutations

You have sharp toenails.


Message History

You now have 144 gold pieces (gained 6).
Found a dagger.
d - 7 scrolls labeled VOOHAGAFEE (gained 1)
Found a stone staircase leading up.
Found a stone staircase leading up.
Key pressed, stopping explore.
No target in view!
You now have 151 gold pieces (gained 7).
You open the door.
An ogre comes into view. It is wielding a giant spiked club.
The ogre shouts!
There is an open door here.
An ogre is nearby!
The ogre hits you with a giant spiked club!
An ogre is nearby!
You hit the ogre.
The ogre is lightly wounded.
The ogre hits you with a giant spiked club!!
Ouch! That really hurt!
You die...

##.#### .......
##..#.### #....##
....8.. #...).....
......# ........
###.###<#######.....#
........
#<....#.....#.#.....#
####+##
###.#.#.......#.....#
#.#.#####.#.#.....#
#.#.......#.#..O..#
#.#########.#.@...#
#...........#'#####
######.........#
#.........#
#.........#
########+##


You could see an ogre.

Vanquished Creatures
  Jessica (D:2)
  The ghost of Alarkh the Chopper, a weakling DsMo (D:3)
  An adder (D:2)
  An ooze (D:2)
  4 worms
  2 dart slugs
  4 leopard geckos
  7 bats
  4 giant cockroaches
  5 goblins
  8 hobgoblins
  6 kobolds
  2 quokkas (D:2)
  A ball python (D:3)
  3 frilled lizards (D:2)
  9 rats
59 creatures vanquished.

Notes
Turn   | Place    | Note
-------+----------+-------------------------------------------
     0 | D:1      | kal9871 the Demonspawn Berserker began the quest for the Orb.
     0 | D:1      | Reached XP level 1. HP: 18/18 MP: 1/1
   401 | D:1      | Reached skill level 3 in Axes
   426 | D:1      | Gained mutation: You have sharp toenails. [demonic ancestry]
   426 | D:1      | Reached XP level 2. HP: 18/24 MP: 2/2
  1494 | D:2      | Noticed Jessica
  1501 | D:2      | Killed Jessica
  1501 | D:2      | Reached XP level 3. HP: 14/29 MP: 3/3
  1828 | D:2      | Reached ** piety under Trog
  1859 | D:2      | Reached XP level 4. HP: 22/35 MP: 4/4
  2311 | D:2      | Noticed a dagger
  2312 | D:2      | Noticed a dagger
  2314 | D:2      | Found a hide-covered altar of Uskayaw.
  2380 | D:2      | Reached skill level 4 in Axes
  3238 | D:3      | Noticed Alarkh's ghost (weakling DsMo)
  3248 | D:3      | Killed Alarkh's ghost
  3749 | D:3      | Noticed an ogre
  3752 | D:3      | Slain by an ogre

Vault maps used:
D:1:      scummos_arrival_simple_fountains
D:2:      dancing_weapons_uskayaw, minmay_pentomino_u2, uniq_jessica
D:3:      nicolae_overflow_hidden_temple, first_bread, st_stairs_1,
          minmay_misc_feat_rugged

Skill      XL: |  1  2  3  4 |
---------------+-------------+-----
Axes           | 3 4 |  4.4
Dodging        | 2 |  2.2
Armour         | 2 |  2.0
Fighting       | |  3.5

Action                   |  1- 3 |  4- 6 || total
-------------------------+-------+-------++-------
Melee: Hand axe          |    74 |   112 ||   186
       Kick              |     7 |    36 ||    43
Invok: Berserk           |       |     1 ||     1
 Stab: Sleeping          |     1 |       ||     1
  Eat: Chunk             |     3 |     6 ||     9
Armor: Animal skin       |    12 |     9 ||    21
       Chain mail        |       |    21 ||    21
Dodge: Dodged            |    65 |    46 ||   111
